 Dungeon Crawl Stone Soup version 0.28-a0-973-ga7f8b01127 (webtiles) character file.

Game seed: 11670220615633945327

34 bande the Covered (level 3, -2/23 HPs)
             Began as a Gargoyle Fighter on Dec 2, 2021.
             Slain by an adder (4 damage)
             ... on level 1 of the Dungeon.
             The game lasted 00:01:45 (1032 turns).

bande the Covered (Gargoyle Fighter)                Turns: 1032, Time: 00:01:46

Health: -2/23      AC: 10    Str: 21    XL:     3   Next: 31%
Magic:  3/3        EV:  5    Int:  8    God:
Gold:   48         SH: 11    Dex:  9    Spells: 2/2 levels left

rFire   . . .      SeeInvis .   a - +0 war axe
rCold   . . .      Faith    .   f - +0 tower shield
rNeg    + . .      Spirit   .   b - +0 scale mail
rPois   ∞          Reflect  .   (no helmet)
rElec   +          Harm     .   (no cloak)
rCorr   .          Rampage  .   (no gloves)
Will    .....                   (no boots)
Stlth   ..........              (no amulet)
HPRegen 0.07/turn               (no ring)
MPRegen 0.08/turn               (no ring)

@: no status effects
A: sickness immunity, AC +3, negative energy resistance 1, electricity
resistance, torment resistance 1, petrification resistance
a: no special abilities


You were on level 1 of the Dungeon.
You visited 1 branch of the dungeon, and saw 2 of its levels.

You collected 48 gold pieces.

Inventory:

Hand Weapons
 a - a +0 war axe (weapon)
Armour
 b - a +0 scale mail (worn)
 f - a +0 tower shield (worn)
Jewellery
 l - a ring of wizardry
Scrolls
 c - 2 scrolls of teleportation {unknown}
 e - a scroll of fog {unknown}
 g - a scroll of enchant weapon {unknown}
 h - 2 scrolls of blinking {unknown}
 j - a scroll of vulnerability {unknown}
 k - a scroll of enchant armour {unknown}
Potions
 d - a potion of might
 i - a potion of heal wounds {unknown}


   Skills:
 + Level 3.5 Fighting
 + Level 2.3 Axes
 + Level 3.7 Armour
 + Level 3.7 Shields


You had 2 spell levels left.
You didn't know any spells.
Your spell library was empty.

Dungeon Overview and Level Annotations

Branches:
Dungeon (2/15)

Altars:

Shops:
D:1 *

Annotations:
D:2 Sigmund


Innate Abilities, Weirdness & Mutations

You are immune to sickness and miasma.
Your stone body is resilient. (AC +3)
You are immune to poison.
You resist negative energy. (rN+)
You are resistant to electric shocks. (rElec)
You are resistant to unholy torment.
You are immune to petrification.


Message History

You are too injured to fight recklessly!
You are too injured to fight recklessly!
Unknown command.
You see here a +0 dagger.
The adder bites you but does no damage. The adder barely misses you.
You block the adder's attack. The adder bites you.
* * * LOW HITPOINT WARNING * * *
You block the adder's attack.
There is a stone staircase leading up here.
The adder bites you but does no damage. You block the adder's attack.
You climb upwards.
Reactivating autopickup.
There is a stone staircase leading down here.
You hit the adder but do no damage. You block the adder's attack.
The adder bites you but does no damage.
You closely miss the adder. The adder bites you but does no damage.
The adder barely misses you.
You hit the adder but do no damage. The adder bites you.
* * * LOW HITPOINT WARNING * * *
The adder bites you but does no damage. You block the adder's attack.
You miss the adder. The adder bites you.
* * * LOW HITPOINT WARNING * * *
You block the adder's attack.
You barely miss the adder. You block the adder's attack.
The adder barely misses you.
You closely miss the adder.
The adder bites you but does no damage. x2
You hit the adder.
The adder is heavily wounded.
You block the adder's attack. x2; The adder bites you but does no damage.
Your shield prevents you from hitting the adder.
The adder is heavily wounded.
The adder bites you.
* * * LOW HITPOINT WARNING * * *
You block the adder's attack.
You closely miss the adder.
The adder is heavily wounded.
The adder bites you.
You die...

..####.#####.>.........(...#.#
### #.# #.##.#.#######...## #
#.# #.##.#...÷.......# # #.#
#.##.#.#####.#...# # #.#
#.##.#.# ##.#....# # #.#
#.##.#.###.###...# #### #.#
#.#....##.## ##..#
...###.#####..###.#.## ##.#
...............S@.##.## ##..#
##.###.######[###.###.###.#.#
##.###.## #.# #......#....#
##.##...#####.###.#####..####
##....#...........# #..#
#####...#####.##.## #..# #
##.## #.##.# #..# # #.# #.##.#
#..# # #.# #.##.#### #..#


You could see an adder.

Vanquished Creatures
  2 dart slugs (D:1)
  4 bats (D:1)
  4 endoplasms (D:1)
  3 giant cockroaches (D:1)
  3 goblins
  2 jackals (D:1)
  2 ball pythons
  2 frilled lizards (D:1)
  A kobold (D:1)
  4 rats (D:1)
27 creatures vanquished.

Notes
Turn   | Place    | Note
-------+----------+-------------------------------------------
     0 | D:1      | bande the Gargoyle Fighter began the quest for the Orb.
     0 | D:1      | Reached XP level 1. HP: 14/14 MP: 1/1
   114 | D:1      | Reached XP level 2. HP: 17/19 MP: 2/2
   436 | D:1      | Reached XP level 3. HP: 20/23 MP: 3/3
   484 | D:1      | Found Feeta's Assorted Antiques.
   995 | D:2      | Noticed Sigmund
  1032 | D:1      | Slain by an adder

Illustrated notes

Levels and vault maps discovered:
D:1:      dpeg_arrival_shelter, layout_loops_ring, serial_shops, shop
D:2:      layout_rooms, guppyfry_early_orc_mine, uniq_sigmund

Skill      XL: |  1  2 |
---------------+-------+-----
Axes           | 2 |  2.3
Fighting       | |  3.5
Armour         | |  3.7
Shields        | |  3.7

Action                   || total
-------------------------++-------
Melee: War axe           ||   110
Armor: Scale mail        ||    85
Dodge: Dodged            ||    33
Block: Tower shield      ||   112

Table legend: (Time is in decaauts)
 A = Elapsed time spent in this place.
 B = Non-inter-level travel time spent in this place.
 C = Inter-level travel time spent in this place.
 D = Time resting spent in this place.
 E = Time spent auto-exploring this place.
 F = Levels seen in this place.
 G = Mean time per level.
                   A        B        C        D        E       F      G
               +--------+--------+--------+--------+--------+-----+--------+
         Total |   1121 |   1121 |      0 |      0 |    774 |   2 |  560.5 |
       Dungeon |   1121 |   1121 |      0 |      0 |    774 |   2 |  560.5 |
               +--------+--------+--------+--------+--------+-----+--------+

Top non-repeatable levels by time:
     D:1: 1007 daAuts
     D:2: 114 daAuts
